 Dungeon Crawl Stone Soup version 0.24.0-13-gcf9b319 (webtiles) character file.

Game seed: 7804941173139224493, levelgen mode: deterministic

56 sighowe the Stinger (level 3, -1/14 HPs)
             Began as a Felid Venom Mage on Nov 13, 2019.
             Slain by an orc priest (3 damage)
             ... on level 3 of the Dungeon.
             The game lasted 00:04:42 (1425 turns).

sighowe the Stinger (Felid Venom Mage)              Turns: 1425, Time: 00:04:42

Health: -1/14      AC:  1    Str:  5    XL:     3   Next: 71%
Magic:  0/8        EV: 18    Int: 16    God:
Gold:   126        SH:  0    Dex: 16    Spells: 6/7 levels left
                                        Lives:  0   Deaths: 0

rFire    . . .     SeeInvis +   (weapon unavailable)
rCold    . . .     Gourm    .   (shield unavailable)
rNeg     . . .     Faith    .   (armour unavailable)
rPois    .         Spirit   +   (helmet unavailable)
rElec    .         Reflect  .   (cloak unavailable)
rCorr    .         Harm     .   (gloves unavailable)
MR       .....                  (boots unavailable)
Stlth    +++.......             a - amulet of guardian spirit
HPRegen  0.04/turn              (no ring)
MPRegen  0.11/turn              (no ring)

@: quick
A: very small, no armour, no weapons or thrown items, stealth, claws 1, fangs 3,
see invisible, carnivore, speed 1, shaggy fur 1, slow metabolism 1, sharp paws
a: no special abilities


You were on level 3 of the Dungeon.
You were not hungry.

You visited 1 branch of the dungeon, and saw 4 of its levels.

You collected 126 gold pieces.

Inventory:

Jewellery
 a - an amulet of guardian spirit (around neck)
Potions
 c - a potion of heal wounds {unknown}
Comestibles
 b - 5 rations


   Skills:
 + Level 2.7 Dodging
 + Level 2.9 Stealth
 + Level 0.7 Unarmed Combat
 + Level 2.8 Spellcasting
 + Level 1.2 Conjurations
 + Level 3.3 Poison Magic


You had 6 spell levels left.
You knew the following spells:

 Your Spells              Type           Power        Failure   Level  Hunger
a - Sting                 Conj/Pois      #...         8%          1    #......

Your spell library contained the following spells:

 Spells                   Type           Power        Failure   Level  Hunger
 Poisonous Vapours        Pois/Air       #.....       14%         2    ##.....
 Mephitic Cloud           Conj/Pois/Air  #.......     30%         3    ###....
 Olgreb's Toxic Radiance  Pois           ##......     43%         4    #####..
 Venom Bolt               Conj/Pois      #.........   91%         5    ######.


Dungeon Overview and Level Annotations

Branches:
Dungeon (4/15)
 Temple: D:4-7

Altars:
Kikubaaqudgha


Innate Abilities, Weirdness & Mutations

You cannot wear armour.
You are incapable of wielding weapons or throwing items.
Your paws allow you to move quietly. (Stealth)
You have sharp claws.
You have razor-sharp teeth.
You have supernaturally acute eyesight. (SInv)
You are carnivorous and can eat meat at any time.
You cover ground quickly.
You are covered in fur. (AC +1)
You have a slow metabolism.
Your sharp claws are effective at attacking unaware monsters.


Message History

Aiming: Sting (safe; 8% risk of failure)
Press: ? - help, Shift-Dir - straight line, f/p - orc priest
Aim: an orc priest (heavily wounded, poisoned)
The sting hits the orc priest.
The orc priest looks even sicker.
The orc priest is severely wounded.
The orc priest misses you.
Casting: Sting (safe; 8% risk of failure)
Confirm with . or Enter, or press ? or * to list all spells.
You don't have enough magic to cast that spell.
The orc priest looks encouraged for a moment.
You closely miss the orc priest.
The orc priest is almost dead.
The orc priest misses you.
You closely miss the orc priest.
The orc priest is almost dead.
The orc priest barely misses you.
You closely miss the orc priest.
The orc priest is almost dead.
The orc priest hits you.
You die...

#.#.###...##.#
#.#.# ##.###.#
#.#.# #.# #.#
#.#.# #.###.#
#.#.# #.....#
#.#.# #####.#
#.#.# #.# #o#.#
#.#
##@..########.###
##.###...........#
#.## #.####.....##
#.# #?(.........#
#.##
##.####......#
##)###).# #......#
##...#.# ###.##.#
###.#.# #.##.#
#.#.######.##.#


You could see an orc priest.

Vanquished Creatures
  An adder (D:4)
  An ooze (D:2)
  2 dart slugs
  4 orcs (D:3)
  5 bats (D:1)
  3 giant cockroaches
  3 goblins (D:1)
  4 hobgoblins (D:1)
  8 frilled lizards
  2 kobolds
  4 rats (D:1)
37 creatures vanquished.

Notes
Turn   | Place    | Note
-------+----------+-------------------------------------------
     0 | D:1      | sighowe the Felid Venom Mage began the quest for the Orb.
     0 | D:1      | Reached XP level 1. HP: 7/7 MP: 4/4
    59 | D:1      | Reached skill level 3 in Poison Magic
   160 | D:1      | Reached XP level 2. HP: 4/11 MP: 3/6
   823 | D:2      | Reached skill level 1 in Conjurations
   891 | D:2      | Reached XP level 3. HP: 7/14 MP: 3/7
   925 | D:2      | You fall into a shaft and drop 2 floors!
  1233 | D:4      | Found an ancient bone altar of Kikubaaqudgha.
  1425 | D:3      | Slain by an orc priest

Levels and vault maps discovered:
D:1:      saegor_arrival_simple_d, layout_loops_cross, amethyst_killhole,
          chequers_serial_rivers_large_a
D:2:      layout_rooms, nemelex_xobeh_ov_fountains_minmay,
          kennysheep_big_empty_room, st_stairs_6
D:3:      layout_loops_ring, chequers_ecumenical_altar_twisty,
          gammafunk_ghost_stat_death, columned_hall_lemuel
D:4:      layout_rooms, kiku_gazebo_pond_becter,
          chequers_temple_overflow_minitemple, nicolae_dithmenos_shadow_blocks

Skill      XL: |  1  2 |
---------------+-------+-----
Poison Magic   | 3 |  3.3
Conjurations   | 1 |  1.2
Dodging        | |  2.7
Stealth        | |  2.9
Unarmed Combat | |  0.7
Spellcasting   | |  2.8

Action                   || total
-------------------------++-------
Melee: Unarmed           ||    45
       Bite              ||     5
 Cast: Sting             ||    49
  Use: Potion            ||     2
       Scroll            ||     4
 Stab: Sleeping          ||     3
  Eat: Chunk             ||     1
Armor: Skin              ||     5
Dodge: Dodged            ||    33
